 Dungeon Crawl Stone Soup version 0.21-a0-150-gc243083 (webtiles) character file.

2613 wazuzu the Merchant of Misery (level 9, -1/74 HPs)
             Began as a Deep Dwarf Monk on July 26, 2017.
             Was a Believer of Kikubaaqudgha.
             Succumbed to Erica's bolt of poison
             ... on level 8 of the Dungeon.
             The game lasted 00:32:08 (5956 turns).

wazuzu the Merchant of Misery (Deep Dwarf Monk)     Turns: 5956, Time: 00:32:09

Health: -1/74      AC:  9    Str: 16    XL:     9   Next: 34%
Magic:  5/13       EV: 12    Int: 13    God:    Kikubaaqudgha [**....]
Gold:   394        SH:  0    Dex: 15    Spells: 11/14 levels left

rFire    . . .     SeeInvis +   j - +4 dire flail (drain)
rCold    + . .     Gourm    .   (shield currently unavailable)
rNeg     . . .     Faith    .   A - +1 ring mail
rPois    .         Spirit   .   e - +2 helmet {SInv}
rElec    .         Reflect  .   (no cloak)
rCorr    .         Harm     +   (no gloves)
MR       +....                  (no boots)
Stlth    +.........             B - amulet of harm
HPRegen  0.00/turn              o - ring of protection from cold
MPRegen  0.13/turn              (no ring)

@: lethally poisoned (-1 -> -3), non-regenerating
A: damage resistance, heal wounds, sense surroundings 2, no regeneration
a: Heal Wounds, Receive Corpses, Renounce Religion


You were on level 8 of the Dungeon.
You worshipped Kikubaaqudgha.
Kikubaaqudgha was pleased with you.
You were hungry.

You visited 2 branches of the dungeon, and saw 9 of its levels.

You collected 394 gold pieces.

Inventory:

Hand Weapons
 j - a +4 dire flail of draining (weapon)
Armour
 e - a +2 helmet of see invisible (worn)
 f - a +0 buckler
 A - a +1 ring mail (worn)
Jewellery
 k - an uncursed ring of positive energy {unknown}
 o - a ring of protection from cold (left hand)
 B - an amulet of harm (around neck)
Wands
 a - a wand of iceblast (4/15)
 w - a wand of confusion (20/48)
 x - a wand of iceblast (0/15)
Scrolls
 h - a scroll of remove curse
 i - a scroll of recharging
 l - a scroll of fog
 n - 2 scrolls of fear
 u - 3 scrolls of magic mapping
 C - 2 scrolls of blinking
Potions
 g - a potion of heal wounds {unknown}
 t - a potion of resistance {unknown}
 z - a potion of cancellation
Books
 d - Kikubaaqudgha's Reference Book on Evil Secrets
   (Kikubaaqudgha gifted it to you in the Ecumenical Temple)

   Spells                             Type                      Level
   a - Pain                           Necromancy                   1
   b - Corpse Rot                     Necromancy                   2
   c - Sublimation of Blood           Necromancy                   2
   d - Vampiric Draining              Necromancy                   3
   e - Control Undead                 Necromancy                   4
 s - the Almanac of Self-Improvement and Necromancy
   (You found it on level 4 of the Dungeon)

   Spells                             Type                      Level
   a - Song of Slaying                Charms                       2
   b - Swiftness                      Charms/Air                   2
   c - Animate Dead                   Necromancy                   4
   d - Iskenderun's Battlesphere      Conjuration/Charms           5
   e - Dispel Undead                  Necromancy                   5
Comestibles
 b - 3 chunks of flesh
 c - 8 bread rations
 m - 4 royal jellies
 p - 6 fruits
 q - 3 meat rations


   Skills:
 - Level 2.6 Fighting
 + Level 7.6 Maces & Flails
 - Level 3.4 Armour
 - Level 3.2 Dodging
 - Level 2.4 Stealth
 - Level 3.2 Spellcasting
 - Level 10.0 Necromancy


You had 11 spell levels left.
You knew the following spells:

 Your Spells              Type           Power        Failure   Level  Hunger
a - Vampiric Draining     Necr           ####......   1%          3    ###....


Dungeon Overview and Level Annotations

Branches:
Dungeon (8/15)             Temple (1/1) D:7
   Lair: D:8-11

Altars:
Ashenzari
Fedhas
Kikubaaqudgha
Nemelex Xobeh
Ru
Sif Muna
Xom
Yredelemnul
Zin
The Shining One

Shops:
D:5 =   D:7 (

Annotations:
D:8 Erica


Innate Abilities, Weirdness & Mutations

You are resistant to damage.
You can heal yourself by infusing magical energy.
You passively map the area around you.
You do not regenerate.


Message History

* * * LOW HITPOINT WARNING * * *
Erica burns you.
You closely miss Erica.
Erica is almost dead.
Erica gestures at you while chanting. The bolt of poison hits you!
You are more poisoned.
* * * LOW HITPOINT WARNING * * *
Unknown command.
You hit Erica.
Erica is almost dead.
* * * LOW HITPOINT WARNING * * *
You feel sick.
Erica mumbles some strange words.
Erica flickers and vanishes for a moment.
Okay, then.
You hit Erica but do no damage.
Erica is almost dead.
You die...
Kikubaaqudgha rasps: "You have failed me!
Welcome... death!"

##.####...######
##..# #####
##..## ##..##
#..## ###..####
*#....#..### *
**....##.......##
* ###* ###@.....#
, * * #@......# *
* #........ ** *
* , ,
#........,,** , *
* , , ,, *
#........, , , ,
,,, #........ ,
,, ,, ##....... *
* ** , ....... ,
,, , * *


You could see Erica (invisible).

Vanquished Creatures
  The ghost of drasked the Magician, a novice DEAE (D:6)
  Edmund (D:6)
  A water moccasin (D:6)
  An orc warrior (D:7)
  3 ice beasts
  2 phantoms
  A sky beast (D:7)
  3 centaurs
  2 bullfrogs
  3 scorpions
  4 crimson imps
  A bullfrog zombie (D:7)
  3 orc priests
  A bullfrog skeleton (D:6)
  5 hounds
  Jessica (D:2)
  3 iguanas
  2 orc wizards
  2 worker ants
  A hound zombie (D:5)
  2 hound skeletons (D:4)
  A gnoll (D:1)
  13 adders
  A shadow imp (D:6)
  An ooze (D:4)
  3 adder skeletons
  A worm (D:2)
  A dart slug (D:2)
  5 leopard geckos
  15 orcs
  6 giant cockroaches
  8 goblins
  6 hobgoblins
  4 jackals
  3 quokkas
  2 ball pythons
  7 bats
  5 frilled lizards
  4 kobolds
  A leopard gecko skeleton (D:5)
  A quokka skeleton (D:4)
  6 rats
137 creatures vanquished.

Notes
Turn   | Place    | Note
-------+----------+-------------------------------------------
     0 | D:1      | wazuzu the Deep Dwarf Monk began the quest for the Orb.
     0 | D:1      | Reached XP level 1. HP: 20/20 MP: 1/1
   330 | D:1      | Reached XP level 2. HP: 14/27 MP: 2/2
   461 | D:1      | Reached XP level 3. HP: 26/33 MP: 3/3
   821 | D:2      | Noticed Jessica
   849 | D:2      | Killed Jessica
   849 | D:2      | Reached skill level 5 in Maces & Flails
   849 | D:2      | Reached XP level 4. HP: 19/40 MP: 4/4
  1879 | D:3      | Reached XP level 5. HP: 40/46 MP: 5/5
  2337 | D:4      | Found a basalt altar of Yredelemnul.
  2342 | D:4      | Found a glowing golden altar of the Shining One.
  2581 | D:4      | Found a blossoming altar of Fedhas.
  2629 | D:4      | Identified the Almanac of Self-Improvement and Necromancy
  2636 | D:4      | Learned a level 4 spell: Animate Dead
  2732 | D:4      | Reached skill level 1 in Necromancy
  2732 | D:4      | Reached XP level 6. HP: 25/55 MP: 6/6
  2791 | D:4      | Reached skill level 2 in Necromancy
  2941 | D:4      | Reached skill level 3 in Necromancy
  3381 | D:5      | Entered Level 5 of the Dungeon
  3414 | D:5      | Found Duachad's Jewellery Shoppe.
  3423 | D:5      | Reached skill level 4 in Necromancy
  3605 | D:5      | Identified a scroll of acquirement
  3684 | D:5      | Noticed an ice beast
  3773 | D:5      | Killed an ice beast
  3773 | D:5      | Reached skill level 5 in Necromancy
  3773 | D:5      | Reached XP level 7. HP: 27/61 MP: 7/7
  4041 | D:5      | Reached skill level 6 in Necromancy
  4148 | D:6      | Found a glowing silver altar of Zin.
  4150 | D:6      | Noticed an angel
  4155 | D:6      | Found a shimmering altar of Xom.
  4360 | D:6      | Reached skill level 7 in Necromancy
  4492 | D:6      | Noticed Edmund
  4497 | D:6      | Killed Edmund
  4497 | D:6      | Reached XP level 8. HP: 30/68 MP: 8/8
  4502 | D:6      | Reached skill level 8 in Necromancy
  4511 | D:6      | Noticed drasked's ghost (novice DEAE)
  4517 | D:6      | Killed drasked's ghost
  4517 | D:6      | Reached skill level 9 in Necromancy
  4554 | D:6      | Found a shattered altar of Ashenzari.
  4659 | D:6      | Reached skill level 10 in Necromancy
  4726 | D:6      | Reached skill level 1 in Armour
  5055 | D:7      | Found a staircase to the Ecumenical Temple.
  5062 | Temple   | Entered the Ecumenical Temple
  5081 | Temple   | Became a worshipper of Kikubaaqudgha
  5081 | Temple   | Reached * piety under Kikubaaqudgha
  5081 | Temple   | Identified Kikubaaqudgha's Reference Book on Evil Secrets (Kikubaaqudgha gifted it to you in the Ecumenical Temple)
  5081 | Temple   | Received a gift from Kikubaaqudgha
  5081 | Temple   | Reached ** piety under Kikubaaqudgha
  5087 | Temple   | Learned a level 3 spell: Vampiric Draining
  5202 | D:7      | Reached skill level 1 in Spellcasting
  5232 | D:6      | Gained mutation: You passively map the area around you. [Deep Dwarf growth]
  5232 | D:6      | Reached XP level 9. HP: 54/74 MP: 2/11
  5385 | D:7      | Found Inykiluh's Weapon Shoppe.
  5942 | D:8      | Noticed Erica
  5954 | D:8      | HP: 3/74 [Erica/bolt of poison (16)]
  5955 | D:8      | HP: 1/74 [poisoned by Erica (bolt of poison)]
  5956 | D:8      | Succumbed to Erica's bolt of poison

Vault maps used:
D:1:      dpeg_arrival_chambers_temple_mockup
D:2:      uniq_jessica
D:3:      first_bread, hangedman_decor_slide_cut
D:4:      cheibrodos_barr_body, grunt_temple_overflow_holy_war, fedhas_altar_1
D:5:      serial_shops, nicolae_shop_crystal
D:6:      grunt_temple_overflow_order_and_chaos_1,
          lemuel_coloured_pillars_altar, uniq_edmund
D:7:      temple_green, serial_shops, shop_fountains
D:8:      special_room, serial_shops, shop_statue, uniq_joseph, uniq_erica,
          uniq_pikel
Temple:   regret_index_temple_waves

Skill      XL: |  1  2  3  4  5  6  7  8  9 |
---------------+----------------------------+-----
Maces & Flails | 4 5 6 7 |  7.6
Necromancy     | 1 5 7 10 | 10.0
Armour         | 3 |  3.4
Spellcasting   | 1 3 |  3.2
Fighting       | |  2.6
Dodging        | |  3.2
Stealth        | |  2.4

Action                   |  1- 3 |  4- 6 |  7- 9 || total
-------------------------+-------+-------+-------++-------
Melee: Mace              |    94 |   182 |       ||   276
       Flail             |       |    20 |    53 ||    73
       Dire flail        |       |       |   118 ||   118
 Fire: Hunting sling     |    26 |    47 |    12 ||    85
 Cast: Vampiric Draining |       |       |    19 ||    19
 Abil: Heal Wounds       |     1 |     1 |     3 ||     5
Evoke: Wand              |       |       |    11 ||    11
  Use: Potion            |       |     3 |     5 ||     8
       Scroll            |       |    16 |     6 ||    22
 Stab: Sleeping          |     1 |     2 |     3 ||     6
       Distracted        |       |     1 |       ||     1
  Eat: Chunk             |       |     7 |     7 ||    14
       Bread ration      |       |     1 |       ||     1
Armor: Robe              |    19 |     6 |       ||    25
       Scale mail        |       |    36 |       ||    36
       Ring mail         |       |    27 |    64 ||    91
       Skin              |       |       |     4 ||     4
Dodge: Dodged            |    66 |    83 |    87 ||   236
Block: Buckler           |    13 |    21 |     7 ||    41
